 Dungeon Crawl Stone Soup version 0.10.4 character file.

785 artroxa the Ruffian (level 7, 70/70 HPs)
             Began as a Troll Berserker on Mar 16, 2020.
             Was a Believer of Trog.
             Starved to death
             ... on Level 7 of the Dungeon.
             The game lasted 00:13:16 (2889 turns).

artroxa the Ruffian (Troll Berserker)               Turns: 2889, Time: 00:13:16

HP  70/70        AC  5     Str 26 (28) XL: 7   Next: 10%
MP   2/2         EV 11     Int  3      God: Trog [**....]
Gold 185         SH  0     Dex  9      Spells:  0 memorised,  6 levels left

Res.Fire  : . . .   See Invis. : .     - Unarmed
Res.Cold  : . . .   Warding    : . . b - +0 animal skin
Life Prot.: . . .   Conserve   : .   (shield restricted)
Res.Acid. : . . .   Res.Corr.  : .   (helmet restricted)
Res.Poison: .       Clarity    : .   (no cloak)
Res.Elec. : .       Spirit.Shd : .   (gloves unavailable)
Sust.Abil.: . .     Stasis     : .   (boots unavailable)
Res.Mut.  : .       Ctrl.Telep.: .   (no amulet)
Res.Rott. : .       Levitation : .   (no ring)
Gourmand  : +       Ctrl.Flight: .   (no ring)

@: slightly resistant to hostile enchantments, unstealthy
A: unfitting armour, claws 3, fast metabolism 3, gourmand, regeneration 2,
saprovore 2, tough skin 2, AC +1
a: Burn Spellbooks, Berserk, Trog's Hand, Renounce Religion


You were on level 7 of the Dungeon.
You worshipped Trog.
Trog was most pleased with you.
You were starving.

You visited 2 branches of the dungeon, and saw 8 of its levels.

You collected 165 gold pieces.

Inventory:

Armour
 b - a +0 animal skin (worn)
 m - a +0 animal skin
Magical devices
 a - a wand of confusion (5) {unknown}
Comestibles
 h - a bread ration
 j - a lemon
 l - a rambutan
 o - 15 strawberries
 s - 9 sultanas
Scrolls
 d - a scroll of magic mapping {unknown}
 e - a scroll of immolation {unknown}
 g - a scroll of enchant armour {unknown}
 i - 4 scrolls of identify {unknown}
 k - 2 scrolls of teleportation {unknown}
 n - a scroll of vulnerability {unknown}
 q - 2 scrolls of remove curse {unknown}
 u - a scroll of curse armour {unknown}
Jewellery
 f - an uncursed amulet of stasis {unknown}
Potions
 c - a potion of poison {unknown}
 p - a potion of berserk rage {unknown}
 r - a potion of resistance {unknown}
 t - a potion of curing {unknown}


   Skills:
 + Level 3.6 Fighting
 + Level 0.7 Armour
 + Level 5.2 Dodging
 + Level 0.5 Stealth
 + Level 5.5 Unarmed Combat


You had 6 spell levels left.
You didn't know any spells.

Dungeon Overview and Level Annotations

Branches:
Dungeon (7/27)             Temple (1/1) D:6
    Orc: D:6-11

Altars:
Ashenzari
Cheibriados
Elyvilon
Fedhas
Kikubaaqudgha
Makhleb
Nemelex Xobeh
Sif Muna
The Shining One
Trog
Xom
Yredelemnul


Innate Abilities, Weirdness & Mutations

You are too large for most types of armour.
You have claws for hands.
Your metabolism is lightning-fast.
You like to eat raw meat.
You heal very quickly.
You can eat rotten meat.
You are covered in fur (AC +1).
You have very tough skin (AC +2).


Message History

There is a stone staircase leading down here.
There is an open door here.
You open the door. You open the door.
You enter a teleport trap!
Your surroundings suddenly seem different.
You are starving!
You open the door.
There is an open door here.
There is a stone staircase leading up here.
You open the door.
There is an open door here.
There is an open door here.
You lose consciousness!
You can move again.
Found 20 sling bullets.
You open the door.
There is an open door here.
You have starved to death.
You die...

#(....#.......#.....
#.....#.......#.....
#.....####^####.....
#...................
#.........######....
###'####### #....
#.# #.... #.## #####
#@.### #.. ##...#
#.# ###.###### ###'#
#........# #....
#........####....
#...........'....
#........####....
#######.## #..<.
#..# #....


There were no monsters in sight!

Vanquished Creatures
  An ogre (D:5)
  A centaur (D:7)
  A water moccasin (D:6)
  2 crimson imps
  An orc priest (D:6)
  An iguana (D:6)
  An orc wizard (D:7)
  2 jellies
  A worker ant (D:2)
  3 adders
  An adder zombie (D:5)
  7 gnolls
  An iguana skeleton (D:5)
  A worm (D:5)
  A bat skeleton (D:4)
  2 giant geckos
  An ooze (D:6)
  10 orcs
  A giant cockroach (D:5)
  2 hobgoblins
  6 kobolds
  6 bats
  5 giant newts
  4 goblins
  A hobgoblin zombie (D:5)
  A kobold skeleton (D:5)
  An orc skeleton (D:6)
  5 rats
70 creatures vanquished.

Vanquished Creatures (others)
  4 toadstools
4 creatures vanquished.

Grand Total: 74 creatures vanquished

Notes
Turn   | Place    | Note
--------------------------------------------------------------
     0 | D:1      | artroxa, the Troll Berserker, began the quest for the Orb.
     0 | D:1      | Reached XP level 1. HP: 23/23 MP: 0/0
   251 | D:2      | Reached XP level 2. HP: 31/31 MP: 0/0
   317 | D:2      | Reached XP level 3. HP: 18/39 MP: 1/1
   686 | D:3      | Acquired Trog's second power
   895 | D:4      | Found a bloodstained altar of Trog.
   970 | D:5      | Entered Level 5 of the Dungeon
   989 | D:5      | Reached XP level 4. HP: 42/46 MP: 1/1
   995 | D:5      | Reached skill level 4 in Unarmed Combat
  1056 | D:5      | Reached XP level 5. HP: 13/53 MP: 1/1
  1324 | D:5      | HP: 2/54 [ogre/giant club (13)]
  1449 | D:6      | Reached XP level 6. HP: 20/62 MP: 2/2
  1636 | D:6      | Reached skill level 5 in Unarmed Combat
  1673 | D:6      | Found a staircase to the Ecumenical Temple.
  1695 | Temple   | Entered the Ecumenical Temple
  2227 | D:7      | Found a glowing golden altar of the Shining One.
  2282 | D:7      | Reached skill level 5 in Dodging
  2411 | D:7      | Reached XP level 7. HP: 67/70 MP: 2/2
  2570 | D:7      | Found a snail-covered altar of Cheibriados.
  2889 | D:7      | Starved to death
